 Dungeon Crawl Stone Soup version 0.31-a0-978-g1e143483b6 (webtiles) character file.

Game seed: 295580286596478845

78 ytrimaz the Sneak (level 4, 0/42 HPs)
             Began as an Octopode Shapeshifter on Oct 30, 2023.
             Slain by a worm (6 damage)
             ... on level 2 of the Dungeon.
             The game lasted 00:01:00 (789 turns).

ytrimaz the Sneak (Octopode Shapeshifter)            Turns: 789, Time: 00:01:01

Health: 0/42       AC: 22    Str: 13    XL:     4   Next: 36%
Magic:  4/4        EV:  2    Int: 12    God:
Gold:   48         SH:  0    Dex: 13    Spells: 3/3 levels left

rFire   . .          .
                       - Unarmed
rCold   . . .        (no shield)
rNeg    . . .        (helmet currently unavailable)
rPois   +            (no amulet)
rElec   .            (no ring)
rCorr   .            (no ring)
SInv    .            (no ring)
Will    .....        (no ring)
Stlth   ++           (no ring)
HPRegen 0.27/turn    (no ring)
MPRegen 0.09/turn    (no ring)
                     (no ring)

%: no passive effects
@: tree-form
A: stationary, stasis, torment immunity, boosted hp, almost no armour,
(amphibious), 8 rings, (camouflage 1), (gelatinous body 1), (nimble swimmer 1),
(tentacles)
a: no special abilities


You were on level 2 of the Dungeon.
You were a tree.
You visited 1 branch of the dungeon, and saw 2 of its levels.

You collected 48 gold pieces.


Innate Abilities, Weirdness & Mutations

You are a tree.
Your roots penetrate the ground, keeping you stationary.
You cannot be teleported.
You are immune to unholy pain and torment.
Your maximum health is greatly increased.
You cannot wear most types of armour.
((You are amphibious.))
You can wear up to eight rings at the same time.
((Your skin changes colour to match your surroundings (Stealth+).))
((Your rubbery body absorbs attacks. (AC +1, EV +1)))
((You are camouflaged when in or above water. (Stealth+)))
((You have tentacles for arms and can constrict up to eight enemies at once.))


   Skills:
 - Level 1.0 Fighting
 + Level 3.4 Dodging
 + Level 3.8 Stealth
 - Level 3.0 Unarmed Combat
 - Level 3.0 Shapeshifting


You had 3 spell levels left.
You didn't know any spells.
Your spell library was empty.

Inventory:

Talismans
 b - a beast talisman
 c - a flux talisman
Scrolls
 d - a scroll of teleportation {unknown}
 f - a scroll of enchant armour {unknown}
Potions
 e - a potion of curing {unknown}
 g - a potion of enlightenment {unknown}
 h - 2 potions of mutation {unknown}
 i - a potion of degeneration {unknown}

Dungeon Overview and Level Annotations

Branches:
Dungeon (2/15) Zot: 11213

Altars:

Shops:
D:1

[ #............
...........#.
.#.........
........# .
#...#...###
..###.........####
......hw.........#
...#g.r♣...#.....#
......)).......?.#
.................#
............<....#
.....#...........#
.................#
...##.##...#...###
.## #. #########
?.


You could see a worm, a gnoll, a jackal and a rat.


Message History

😨 HP[-4]
You take 4 damage, and now have 9/23 hp.
You closely miss the jackal.
The gnoll shouts!
Your grab misses the jackal. Your squeeze misses the jackal.
You hear a shout!
The jackal barely misses you.
The jackal bites you but does no damage.
The jackal bites you.
* * * LOW HITPOINT WARNING * * *
The jackal barely misses you. The jackal misses you.
The jackal completely misses you. 😨 HP[-2]
You take 2 damage, and now have 7/23 hp.
Unknown command.
Your transformation has ended.
You turn into a tree.
Your roots penetrate the ground.
The jackal bites you but does no damage. x3 😨 HP[+5]
You now have 34 max hp (+11).
You regained 5 hp, and now have 12/34 hp.
Unknown command.
You hit the jackal.
The jackal bites you but does no damage. x3
A gnoll comes into view. It is wielding a +0 whip.
You closely miss the jackal.
The jackal bites you but does no damage. x2
The jackal barely misses you. The rat bites you but does no damage.
The jackal bites you but does no damage. x3
You smack the jackal!
You kill the jackal!
The jackal bites you but does no damage. x2
The rat bites you but does no damage.
You cannot move.
You cannot move.
Unknown command.
You cannot move.
You cannot move.
Unknown command.
You smack the jackal!
You kill the jackal!
The jackal bites you but does no damage.
The rat bites you but does no damage.
The jackal bites you but does no damage.
You have reached level 4! 😨 HP[+4] MP[+1]
You now have 42 max hp (+8).
You regained 4 hp, and now have 16/42 hp.
Your mp is fully restored (4).
You completely miss the gnoll. The gnoll hits you but does no damage.
The rat bites you but does no damage.
The jackal bites you but does no damage.
You hit the gnoll. Your punch misses the gnoll.
The jackal bites you but does no damage.
The gnoll completely misses you. The rat bites you but does no damage.
Unknown command.
You smack the gnoll!
The jackal bites you but does no damage.
The rat bites you but does no damage.
The jackal bites you but does no damage.
The worm bites you.
* * * LOW HITPOINT WARNING * * *
😨 HP[-5]
You take 5 damage, and now have 11/42 hp.
You hit the gnoll. You punch the gnoll.
The jackal bites you but does no damage.
A gnoll comes into view. It is wielding a +0 whip.
The rat completely misses you. 😨 HP[+1] Unknown command.
The gnoll shouts!
You hit the gnoll.
The jackal bites you but does no damage.
The rat barely misses you. The worm completely misses you.
You smack the gnoll!
You kill the gnoll!
The jackal bites you but does no damage.
The rat barely misses you. The gnoll hits you with a +0 whip!
* * * LOW HITPOINT WARNING * * *
The jackal bites you but does no damage. 😱 HP[-7]
You take 7 damage, and now have 5/42 hp.
Unknown command.
Okay, then.
Unknown command.
You hit the gnoll.
You kill the gnoll!
The jackal bites you but does no damage.
The worm bites you but does no damage. The rat bites you but does no damage.
You cannot move.
Unknown command.
You cannot move.
You smack the worm!
The jackal bites you but does no damage.
The rat bites you but does no damage. 😱 HP[+1]
You hit the worm.
The jackal bites you but does no damage.
The worm bites you.
You die...

Skill      XL: |  1  2  3 |
---------------+----------+-----
Stealth        | 1 2 3 |  3.8
Dodging        | 3 |  3.4
Fighting       | |  1.0
Unarmed Combat | |  3.0
Shapeshifting  | |  3.0

Action                     |  1- 3 |  4- 6 || total
---------------------------+-------+-------++-------
  Melee: Unarmed           |    68 |     9 ||    77
         Tentacles         |    15 |       ||    15
         Constrict         |    16 |       ||    16
         Punch             |     1 |     1 ||     2
    Use: Potion            |     1 |       ||     1
   Stab: Sleeping          |     8 |       ||     8
 Armour: Skin              |    41 |    21 ||    62
  Dodge: Dodged            |    51 |     5 ||    56

Levels and vault maps discovered:
D:1:      evilmike_arrival_fibonacci_small, layout_loops_cross, serial_shops,
          nicolae_shop_gibbet_a_chance
D:2:      layout_rooms, basic_altar, kennysheep_generic_room_12

Notes
Turn   | Place    | Note
-------+----------+-------------------------------------------
     0 | D:1      | ytrimaz the Octopode Shapeshifter began the quest for the
                  | Orb.
     0 | D:1      | Reached XP level 1. HP: 13/13 MP: 1/1
     0 | D:1      | magus.rc [v1.9.6]
    33 | D:1      | Found Lereiq's Antique Armour Emporium.
    79 | D:1      | Reached skill level 1 in Stealth
   122 | D:1      | Reached XP level 2. HP: 18/18 MP: 2/2
   198 | D:1      | Reached skill level 2 in Stealth
   464 | D:1      | Reached XP level 3. HP: 23/23 MP: 3/3
   646 | D:1      | Reached skill level 3 in Dodging
   651 | D:1      | Reached skill level 3 in Stealth
   781 | D:2      | Reached XP level 4. HP: 16/28 MP: 4/4
   786 | D:2      | HP: 5/42 [gnoll/+0 whip (7)]
   789 | D:2      | Slain by a worm

Vanquished Creatures
  2 gnolls (D:2)
  An adder (D:2)
  2 dart slugs (D:1)
  A ball python (D:1)
  2 bats (D:1)
  7 endoplasms (D:1)
  3 giant cockroaches (D:1)
  2 goblins (D:1)
  4 hobgoblins (D:1)
  8 jackals
  4 kobolds (D:1)
  2 frilled lizards (D:1)
38 creatures vanquished.

Table legend:
 A = Non-vault XP
 B = Vault XP
 C = Vault XP percentage of total XP
 D = Non-vault monster count
 E = Vault monster count
 F = Vault count percentage of total count
                 A         B        C        D         E       F
            +---------+---------+-------+---------+---------+-------
      Total |     112 |       0 |   0.0 |      38 |       0 |   0.0
            +---------+---------+-------+---------+---------+-------
        D:1 |      57 |       0 |   0.0 |      29 |       0 |   0.0
        D:2 |      55 |       0 |   0.0 |       9 |       0 |   0.0
            +---------+---------+-------+---------+---------+-------

Skill      XL: |  1  2  3 |
---------------+----------+-----
Stealth        | 1 2 3 |  3.8
Dodging        | 3 |  3.4
Fighting       | |  1.0
Unarmed Combat | |  3.0
Shapeshifting  | |  3.0

Action                     |  1- 3 |  4- 6 || total
---------------------------+-------+-------++-------
  Melee: Unarmed           |    68 |     9 ||    77
         Tentacles         |    15 |       ||    15
         Constrict         |    16 |       ||    16
         Punch             |     1 |     1 ||     2
    Use: Potion            |     1 |       ||     1
   Stab: Sleeping          |     8 |       ||     8
 Armour: Skin              |    41 |    21 ||    62
  Dodge: Dodged            |    51 |     5 ||    56

Illustrated notes

Table legend:
 A = Kills in this place as a percentage of kills in the entire game.
 B = Kills by you in this place as a percentage of kills by you in the entire game.
 C = Kills by friends in this place as a percentage of kills by friends in the entire game.
 D = Other kills in this place as a percentage of other kills in the entire game.
 E = Experience gained in this place as a percentage of experience gained in the entire game.
 F = Experience gained in this place divided by the number of levels of this place that you have seen.
                   A       B       C       D       E      F
               +-------+-------+-------+-------+-------+----------------------
         Total | 100.0 | 100.0 |   N/A |   N/A | 100.0 |  56.0
       Dungeon | 100.0 | 100.0 |   N/A |   N/A | 100.0 |  56.0
               +-------+-------+-------+-------+-------+----------------------

Table legend: (Time is in decaauts)
 A = Elapsed time spent in this place.
 B = Non-inter-level travel time spent in this place.
 C = Inter-level travel time spent in this place.
 D = Time resting spent in this place.
 E = Time spent auto-exploring this place.
 F = Levels seen in this place.
 G = Mean time per level.
                   A        B        C        D        E       F      G
               +--------+--------+--------+--------+--------+-----+--------+
         Total |    785 |    765 |     20 |      0 |    554 |   2 |  392.5 |
       Dungeon |    785 |    765 |     20 |      0 |    554 |   2 |  392.5 |
               +--------+--------+--------+--------+--------+-----+--------+

Top non-repeatable levels by time:
     D:1: 755 daAuts
     D:2: 29 daAuts
